 Dungeon Crawl Stone Soup version 0.17.0-28-g6e173f8 (webtiles) character file.

44835 dorian the Devastator (level 14, -4/76 HPs)
             Began as an Octopode Conjurer on Nov 30, 2015.
             Was a High Priest of Vehumet.
             Slain by a black mamba (17 damage)
             ... on level 7 of the Lair of Beasts on Dec 1, 2015.
             The game lasted 01:36:33 (28725 turns).

dorian the Devastator (Octopode Conjurer)          Turns: 28725, Time: 01:36:33

Health: -4/76      AC:  1    Str:  8    XL:     14   Next: 30%
Magic:  8/29       EV: 12    Int: 22    God:    Vehumet [*****.]
Gold:   482        SH:  8    Dex: 12    Spells: 6 memorised, 11 levels left

rFire  + + .     SeeInvis .     n - +2 whip (elec)
rCold  . . .     Clarity  .     G - +3 buckler of the Volcano {rF+}
rNeg   . . .     SustAt   .     (helmet restricted)
rPois  +         Gourm    +     v - amulet of the gourmand
rElec  .         Spirit   .     c - ring of poison resistance
rCorr  .         Warding  .     l - ring of protection from fire
rMut   .         Stasis   .     (no ring)
MR     +....                    (no ring)
Stlth  +++.......               (no ring)
                                (no ring)
                                (no ring)
                                (no ring)

@: somewhat resistant to hostile enchantments, fairly stealthy
A: almost no armour, amphibious, 8 rings, constrict 8, camouflage 1, gelatinous
body 1
a: Renounce Religion


You were on level 7 of the Lair of Beasts.
You worshipped Vehumet.
Vehumet was extremely pleased with you.
You were very full.

You visited 3 branches of the dungeon, and saw 16 of its levels.

You collected 880 gold pieces.
You spent 398 gold pieces at shops.

Inventory:

Hand Weapons
 n - a +2 whip of electrocution (weapon)
 w - a +0 blowgun
 x - a +1 trident of freezing
Missiles
 y - 33 poisoned needles
 E - 6 javelins (quivered)
Armour
 G - the +3 buckler of the Volcano (worn) {rF+}
   (You bought it in a shop on level 4 of the Dungeon)

   It protects you from fire.
Magical Staves
 J - an uncursed staff of air
 O - an uncursed staff of wizardry
Jewellery
 c - a ring of poison resistance (left tentacle)
 l - a ring of protection from fire (right tentacle)
 v - an amulet of the gourmand (around mantle)
Wands
 i - a wand of slowing (12)
 z - a wand of heal wounds (0)
 I - a wand of fire (8)
 K - a wand of flame (28)
Scrolls
 d - 2 scrolls of enchant armour
 j - a scroll of recharging
 k - 2 scrolls of vulnerability
 m - 6 scrolls of identify
 o - a scroll of silence
 C - 2 scrolls of amnesia
 D - 6 scrolls of remove curse
 M - 3 scrolls of enchant weapon
 N - 2 scrolls of fog
Potions
 q - a potion of heal wounds
 r - 2 potions of brilliance
 u - 2 potions of invisibility
 B - 2 potions of lignification
 F - 3 potions of flight
 Q - a potion of ambrosia
 R - a potion of cure mutation
 T - a potion of berserk rage
 U - a potion of might
 V - a potion of agility
Books
 a - a book of Conjurations

   Spells                             Type                      Level
   a - Magic Dart                     Conjuration                  1
   b - Searing Ray                    Conjuration                  2
   c - Dazzling Spray                 Conjuration/Hexes            3
   d - Fulminant Prism                Conjuration/Hexes            4
   e - Iskenderun's Mystic Blast      Conjuration                  4
   f - Iskenderun's Battlesphere      Conjuration/Charms           5
 h - a Fen Folio

   Spells                             Type                      Level
   a - Corpse Rot                     Necromancy                   2
   b - Stone Arrow                    Conjuration/Earth            3
   c - Leda's Liquefaction            Hexes/Earth                  4
   d - Summon Forest                  Summoning/Translocation      5
   e - Hydra Form                     Transmutation                6
   f - Summon Hydra                   Summoning                    7
 s - a book of Annihilations

   Spells                             Type                      Level
   a - Poison Arrow                   Conjuration/Poison           6
   b - Chain Lightning                Conjuration/Air              8
   c - Lehudib's Crystal Spear        Conjuration/Earth            8
   d - Glaciate                       Conjuration/Ice              9
   e - Fire Storm                     Conjuration/Fire             9
Miscellaneous
 g - a phial of floods
Comestibles
 b - 5 bread rations
 f - 7 slices of pizza
 p - 9 meat rations
 H - 14 fruits
 P - 2 beef jerkies
 S - a royal jelly


   Skills:
 - Level 2.0 Dodging
 - Level 2.6 Stealth
 - Level 5.1 Shields
 + Level 11.2 Spellcasting
 + Level 17.5 Conjurations
 - Level 7.1 Charms
   Level 3.5 Fire Magic
 - Level 7.0 Poison Magic


You had 11 spell levels left.
You knew the following spells:

 Your Spells              Type           Power        Failure   Level  Hunger
a - Magic Dart            Conj           ####         0%          1    None
b - Searing Ray           Conj           ######       0%          2    None
c - Orb of Destruction    Conj           ######....   1%          7    #######
d - Iskenderun's Battles  Conj/Chrm      ######..     1%          5    ####...
e - Mephitic Cloud        Conj/Pois/Air  #####...     1%          3    None
g - Poison Arrow          Conj/Pois      ######....   1%          6    ######.


Dungeon Overview and Level Annotations

Branches:
Dungeon (8/15)             Temple (1/1) D:5            Lair (7/8) D:8
 Shoals (0/4) Lair:4       Spider (0/4) Lair:5        Slime (0/6) Lair:7

Altars:
Cheibriados
Dithmenos
Elyvilon
Fedhas
Gozag
Makhleb
Nemelex Xobeh
Qazlal
Sif Muna
Trog
Vehumet
Xom
Yredelemnul
Zin
The Shining One
Jiyva

Shops:
D:4 [   D:7 [?

Annotations:
D:4 Dowan; Duvessa
D:6 Nicoed's ghost, novice DrTm
Lair:4 exclusion: oklob plant


Innate Abilities, Weirdness & Mutations

You cannot wear most types of armour.
You are amphibious.
You can wear up to eight rings at the same time.
You can use your tentacles to constrict eight enemies at once.
Your skin changes colour to match your surroundings (Stealth).
Your rubbery body absorbs attacks (AC +1).


Message History

You are poisoned.
The black mamba poisons you!
A yak comes into view.
You feel sick.
The black mamba bites you but does no damage.
You feel sick.
A yak comes into view.
You feel sick. You block the black mamba's attack.
You feel sick. You block the black mamba's attack.
You feel sick. The black mamba misses you.
You feel sick. You block the black mamba's attack. The black mamba bites you!
* * * LOW HITPOINT WARNING * * *
You are lethally poisoned!
The black mamba poisons you!
Drink which item? (? for menu, Esc to quit)
Okay, then.
Drink which item? (? for menu, Esc to quit)
You feel better. The black mamba bites you!
You die...

#........##...........
#.......####..........
##.......# #..........
##.....#..# #..........
#......#Y.# #..P.......
##....Y#..##....#.......
#.....Y...##....#......
#....#S.##.......#.....
#.....@..###...###.....
##....#...##P..##......
#...#..P.##P..........
##..#.#...# #..#.#.....
#.........###..........
##..........÷..........
#..÷#.....>...........
#....<................
##.#....#.........###.


You could see a black mamba and 3 yaks.

Vanquished Creatures
  7 hydras
  Harold (Lair:4)
  9 death yaks
  A queen ant (Lair:4)
  A wolf spider (Lair:5)
  A griffon (Lair:7)
  13 elephants
  A siren (Lair:4)
  7 black mambas
  5 spiny frogs
  7 komodo dragons
  A fire drake (Lair:4)
  A polar bear (Lair:7)
  A two-headed ogre (D:8)
  15 blink frogs
  2 redbacks (Lair:5)
  A basilisk (Lair:4)
  23 yaks
  9 hippogriffs
  Menkaure (D:7)
  13 wolves
  17 soldier ants (Lair:4)
  A spider (Lair:5)
  17 water moccasins
  A phantom (D:8)
  4 ogres
  5 centaurs
  11 porcupines
  10 ice beasts
  16 crocodiles
  3 big kobolds (D:8)
  9 giant frogs
  A scorpion (D:8)
  An electric eel (D:8)
  3 wights (D:8)
  3 killer bees (D:7)
  4 crimson imps
  A quasit (D:6)
  3 jellies
  3 hounds
  5 orc wizards
  3 orc priests
  15 iguanas
  3 giant frog skeletons
  6 hell rats (Lair:4)
  Natasha (thrice) (D:3)
  A centaur skeleton (D:4)
  37 worker ants
  13 sheep
  11 adders
  97 river rats
  2 oozes
  An adder skeleton (D:4)
  A worm (D:2)
  4 giant geckos
  17 orcs
  2 ball pythons
  7 giant cockroaches
  12 hobgoblins
  9 jackals
  9 kobolds
  7 bats
  A giant gecko skeleton (D:4)
  3 giant newts
  8 goblins
  A jackal skeleton (D:4)
  A jackal zombie (D:8)
  5 quokkas
  7 rats
524 creatures vanquished.

Vanquished Creatures (others)
  An orc wizard (D:5)
  17 fungi
  8 plants
26 creatures vanquished.

Grand Total: 550 creatures vanquished

Notes
Turn   | Place    | Note
--------------------------------------------------------------
     0 | D:1      | dorian the Octopode Conjurer began the quest for the Orb.
     0 | D:1      | Reached XP level 1. HP: 11/11 MP: 3/3
   232 | D:1      | Reached XP level 2. HP: 17/17 MP: 0/5
   752 | D:1      | Reached XP level 3. HP: 21/21 MP: 5/7
   756 | D:1      | Learned a level 2 spell: Searing Ray
  1534 | D:2      | Reached XP level 4. HP: 27/27 MP: 0/8
  2204 | D:3      | Noticed a centaur
  2222 | D:3      | Killed a centaur
  2222 | D:3      | Reached skill level 5 in Conjurations
  2222 | D:3      | Reached XP level 5. HP: 11/31 MP: 1/11
  2484 | D:3      | Noticed Natasha
  2491 | D:3      | Learned a level 4 spell: Iskenderun's Mystic Blast
  2497 | D:3      | Killed Natasha
  2650 | D:3      | Noticed Natasha
  2654 | D:3      | Killed Natasha
  2812 | D:3      | Reached XP level 6. HP: 17/36 MP: 4/12
  2884 | D:3      | Found a faded altar to an unknown god.
  3294 | D:3      | Noticed Natasha
  3305 | D:3      | Killed Natasha
  3622 | D:3      | Reached skill level 6 in Conjurations
  3919 | D:4      | Reached XP level 7. HP: 41/41 MP: 5/14
  3983 | D:4      | Reached skill level 5 in Spellcasting
  4568 | D:4      | Found Fonaiwikk's Antique Armour Shop.
  4807 | D:5      | Entered Level 5 of the Dungeon
  4807 | D:5      | Noticed Duvessa
  4807 | D:5      | Noticed Dowan
  5140 | D:5      | Reached skill level 7 in Conjurations
  5261 | D:5      | Reached XP level 8. HP: 28/46 MP: 4/17
  5931 | D:5      | Found a staircase to the Ecumenical Temple.
  5937 | Temple   | Entered the Ecumenical Temple
  5945 | Temple   | Became a worshipper of Vehumet
  5986 | D:5      | Reached skill level 8 in Conjurations
  6551 | D:5      | Found a blossoming altar of Fedhas.
  6558 | D:5      | Found a glowing silver altar of Zin.
  6562 | D:5      | Found a glowing golden altar of the Shining One.
  6800 | D:6      | Reached skill level 9 in Conjurations
  7036 | D:6      | Reached * piety under Vehumet
  7036 | D:6      | Offered knowledge of Flame Tongue by Vehumet.
  7393 | D:6      | Found a sparkling altar of Nemelex Xobeh.
  7513 | D:6      | Noticed Nicoed's ghost (novice DrTm)
  7678 | D:4      | Bought a translucent buckler for 275 gold pieces
  7683 | D:4      | Identified the +3 buckler of the Volcano {rF+} (You bought it in a shop on level 4 of the Dungeon)
  8083 | D:5      | Reached skill level 1 in Shields
  8083 | D:5      | Reached XP level 9. HP: 51/51 MP: 8/18
  8262 | D:5      | Reached skill level 10 in Conjurations
  8874 | D:7      | Found a shadowy altar of Dithmenos.
  8904 | D:7      | Noticed Menkaure
  8947 | D:7      | Killed Menkaure
  9703 | D:7      | Found Fariklal's Armour Shop.
 10029 | D:7      | Found a deep blue altar of Sif Muna.
 10108 | D:7      | Found Naojouwyo's Magic Scroll Shop.
 10292 | D:7      | Bought a scroll of blinking for 97 gold pieces
 10292 | D:7      | Bought a scroll of fog for 26 gold pieces
 10330 | D:8      | Learned a level 5 spell: Iskenderun's Battlesphere
 10582 | D:8      | Reached skill level 1 in Charms
 10936 | D:8      | Found a staircase to the Lair.
 10951 | D:8      | Reached skill level 11 in Conjurations
 11439 | D:8      | Reached ** piety under Vehumet
 11518 | D:8      | Offered knowledge of Shock by Vehumet.
 11641 | D:8      | Noticed a two-headed hydra
 11771 | D:8      | Reached XP level 10. HP: 51/56 MP: 14/19
 12146 | D:8      | Found a bloodstained altar of Trog.
 12279 | D:8      | Killed a two-headed hydra
 12279 | D:8      | Reached skill level 12 in Conjurations
 12504 | Lair:1   | Entered Level 1 of the Lair of Beasts
 12749 | Lair:1   | Noticed a black mamba
 12755 | Lair:1   | Killed a black mamba
 12901 | Lair:1   | Noticed a black mamba
 12906 | Lair:1   | Killed a black mamba
 13426 | Lair:1   | Reached skill level 5 in Charms
 13455 | Lair:1   | Reached skill level 13 in Conjurations
 13592 | Lair:1   | Offered knowledge of Throw Frost by Vehumet.
 13685 | Lair:1   | Noticed a black mamba
 13690 | Lair:1   | Killed a black mamba
 13887 | Lair:1   | Reached XP level 11. HP: 61/61 MP: 9/20
 14142 | Lair:1   | Reached *** piety under Vehumet
 14755 | Lair:2   | Noticed a four-headed hydra
 14768 | Lair:2   | Killed a four-headed hydra
 14901 | Lair:2   | Noticed a black mamba
 14913 | Lair:2   | Killed a black mamba
 14913 | Lair:2   | Reached skill level 14 in Conjurations
 15280 | Lair:2   | Offered knowledge of Mephitic Cloud by Vehumet.
 15285 | Lair:2   | Learned a level 3 spell: Mephitic Cloud
 15479 | Lair:1   | Noticed a four-headed hydra
 15484 | Lair:1   | Killed a four-headed hydra
 15598 | Lair:2   | You fall through a shaft for 2 floors!
 15598 | Lair:4   | Noticed a queen ant
 15858 | Lair:4   | Noticed Harold
 15884 | Lair:4   | Noticed a death yak
 15886 | Lair:4   | Noticed a death yak
 16094 | Lair:3   | Reached **** piety under Vehumet
 16524 | Lair:2   | Offered knowledge of Conjure Flame by Vehumet.
 16529 | Lair:2   | Learned a level 3 spell: Conjure Flame
 16671 | Lair:2   | Reached skill level 1 in Fire Magic
 17579 | Lair:3   | Reached XP level 12. HP: 66/66 MP: 12/22
 17897 | Lair:3   | Noticed a four-headed hydra
 17914 | Lair:3   | Killed a four-headed hydra
 17914 | Lair:3   | Reached skill level 5 in Shields
 17914 | Lair:3   | Reached skill level 15 in Conjurations
 19040 | Lair:4   | Noticed a death yak
 19491 | Lair:4   | Killed a death yak
 19929 | Lair:4   | Found a staircase to the Shoals.
 19944 | Lair:4   | Learned a level 6 spell: Poison Arrow
 20009 | Lair:4   | Killed Harold
 20009 | Lair:4   | Reached skill level 1 in Poison Magic
 20549 | Lair:4   | Reached ***** piety under Vehumet
 20839 | Lair:4   | Offered knowledge of Orb of Destruction by Vehumet.
 20938 | Lair:4   | Learned a level 7 spell: Orb of Destruction
 21238 | Lair:4   | Noticed a seven-headed hydra
 21258 | Lair:4   | Killed a seven-headed hydra
 21995 | Lair:4   | Reached skill level 16 in Conjurations
 22117 | Lair:4   | Killed a death yak
 22117 | Lair:4   | Reached XP level 13. HP: 71/71 MP: 6/25
 22946 | Lair:4   | Killed a death yak
 22946 | Lair:4   | Reached skill level 5 in Poison Magic
 23129 | Lair:4   | Killed a queen ant
 24635 | Lair:5   | Found a hole to the Spider Nest.
 26022 | Lair:6   | Reached skill level 10 in Spellcasting
 27025 | Lair:6   | Reached skill level 17 in Conjurations
 27162 | Lair:7   | Found a viscous altar of Jiyva.
 27163 | Lair:7   | Found a staircase to the Slime Pits.
 27518 | Lair:7   | Reached XP level 14. HP: 76/76 MP: 17/28
 27992 | Lair:7   | Offered knowledge of Airstrike by Vehumet.
 28725 | Lair:7   | Slain by a black mamba

Action                   |  1- 3 |  4- 6 |  7- 9 | 10-12 | 13-15 || total
-------------------------+-------+-------+-------+-------+-------++-------
Melee: Unarmed           |    25 |       |       |       |       ||    25
       Whip              |     1 |     7 |    22 |    43 |    19 ||    92
       Staff             |       |       |       |    18 |       ||    18
 Cast: Magic Dart        |    69 |    89 |   166 |   273 |   207 ||   804
       Searing Ray       |     1 |     7 |    66 |   132 |    43 ||   249
       Iskenderun's Batt |       |       |       |    64 |    54 ||   118
       Poison Arrow      |       |       |       |     6 |    53 ||    59
       Mephitic Cloud    |       |       |       |       |     2 ||     2
Evoke: Wand              |       |       |     5 |     6 |     5 ||    16
  Use: Scroll            |       |     8 |     8 |    11 |     6 ||    33
       Potion            |       |       |     5 |     7 |     4 ||    16
 Stab: Sleeping          |       |       |     1 |       |       ||     1
  Eat: Chunk             |     2 |    13 |    30 |    50 |    50 ||   145
